 Dungeon Crawl Stone Soup version 0.24.0-123-gd5b16e6ec5 (webtiles) character file.

Game seed: 3592151710739004374, levelgen mode: deterministic

669 Elellon the Chopper (level 7, 0/62 HPs)
             Began as a Deep Dwarf Fighter on Jan 11, 2020.
             Was a Follower of Makhleb.
             Slain by an ice beast (5 damage)
             ... on level 4 of the Dungeon.
             The game lasted 00:07:50 (3026 turns).

Elellon the Chopper (Deep Dwarf Fighter)            Turns: 3026, Time: 00:07:51

Health: 0/62       AC:  7    Str: 22    XL:     7   Next: 32%
Magic:  3/3        EV:  7    Int:  8    God:    Makhleb [*.....]
Gold:   322        SH:  9    Dex: 12    Spells: 6/6 levels left

rFire    . . .     SeeInvis .   a - +0 war axe
rCold    . . .     Gourm    .   c - +0 shield
rNeg     . . .     Faith    .   b - +0 scale mail
rPois    .         Spirit   .   n - +0 helmet
rElec    .         Reflect  .   (no cloak)
rCorr    .         Harm     .   (no gloves)
MR       +....                  (no boots)
Stlth    ..........             (no amulet)
HPRegen  0.00/turn              (no ring)
MPRegen  0.08/turn              (no ring)

@: non-regenerating, heavily drained
A: damage resistance, heal wounds, sense surroundings 1, no regeneration
a: Heal Wounds, Renounce Religion


You were on level 4 of the Dungeon.
You worshipped Makhleb.
Makhleb was aware of your devotion.
You were hungry.

You visited 1 branch of the dungeon, and saw 5 of its levels.

You collected 322 gold pieces.

Inventory:

Hand Weapons
 a - a +0 war axe (weapon)
 j - a +0 hunting sling
Missiles
 o - 11 sling bullets (quivered)
Armour
 b - a +0 scale mail (worn)
 c - a +0 shield (worn)
 n - a +0 helmet (worn)
Scrolls
 e - 5 scrolls of identify
 m - a scroll of remove curse
Potions
 d - 2 potions of might
 h - 2 potions of haste
 i - 2 potions of flight {unknown}
 k - 2 potions of agility {unknown}
 l - a potion of brilliance {unknown}
 p - a potion of magic {unknown}
 q - a potion of lignification {unknown}
Comestibles
 f - 9 rations


   Skills:
 + Level 3.5(1.6) Fighting
 * Level 7.6(5.4) Axes
 + Level 4.3(2.3) Armour
 + Level 4.3(2.3) Shields


You had 6 spell levels left.
You didn't know any spells.
Your spell library was empty.

Dungeon Overview and Level Annotations

Branches:
Dungeon (5/15)
 Temple: D:4-7

Altars:
Elyvilon
Makhleb
Okawaru
Ru
Trog
Vehumet
Yredelemnul


Innate Abilities, Weirdness & Mutations

You are resistant to damage.
You can heal yourself by infusing magical energy.
You passively map a small area around you.
You do not regenerate.


Message History

The ice beast is heavily wounded.
You block the ice beast's attack.
You hit the ice beast but do no damage.
The ice beast is heavily wounded.
You block the ice beast's attack.
The ice beast hits you but does no damage.
You hit the ice beast.
The ice beast is heavily wounded.
The ice beast hits you. The ice beast freezes you!
* * * LOW HITPOINT WARNING * * *
You hit the ice beast.
The ice beast is heavily wounded.
The ice beast hits you.
* * * LOW HITPOINT WARNING * * *
The ice beast freezes you!
* * * LOW HITPOINT WARNING * * *
You completely miss the ice beast.
The ice beast is heavily wounded.
The ice beast hits you. The ice beast freezes you!
You die...

....# #.............# #..##..#
..#.######.######...####
#...##.#
..............#.[.>...##
##...###
.....#.................#
##...##
........##.##.#.<.....## ##...#
##...#.........[....#### ##..#
............#..#.......# ##)#
###..#...#.###.#....#### #)#
#.......## ##.@Y.....#### #.#
##.###...###.#.<..####..#####.#
#.# #.##.#..#.#### #........#
#.# #.###.#.#.# #..#######
#.###.###.#.#.# #..#
#...........#.# #..#
#.#...........# #..#
#.#.#.###.##### #..#
#.#.#.###.##### #..#


You could see an ice beast.

Vanquished Creatures
  A black bear (D:4)
  2 centaurs
  3 orc priests (D:4)
  2 orc wizards (D:4)
  A hound (D:4)
  A centaur skeleton (D:4)
  A worker ant (D:4)
  4 gnolls (D:4)
  5 adders
  2 worms (D:2)
  3 dart slugs (D:1)
  2 leopard geckos
  7 orcs
  A ball python (D:3)
  4 giant cockroaches
  12 goblins
  7 hobgoblins
  14 jackals (D:1)
  10 kobolds
  A quokka (D:4)
  6 bats
  4 frilled lizards
  3 rats
  A plant (D:2)
97 creatures vanquished.

Notes
Turn   | Place    | Note
-------+----------+-------------------------------------------
     0 | D:1      | Elellon the Deep Dwarf Fighter began the quest for the Orb.
     0 | D:1      | Reached XP level 1. HP: 20/20 MP: 1/1
   148 | D:1      | Reached skill level 3 in Axes
   148 | D:1      | Reached XP level 2. HP: 22/27 MP: 2/2
   650 | D:1      | Reached XP level 3. HP: 23/33 MP: 3/3
   653 | D:1      | Reached skill level 4 in Axes
  1191 | D:2      | Found an iron altar of Okawaru.
  1191 | D:2      | Found a radiant altar of Vehumet.
  1216 | D:2      | Reached XP level 4. HP: 28/40 MP: 4/4
  1220 | D:2      | Found a basalt altar of Yredelemnul.
  1224 | D:2      | Found a burning altar of Makhleb.
  1263 | D:2      | Found a sacrificial altar of Ru.
  1295 | D:2      | Became a worshipper of Makhleb the Destroyer
  1351 | D:2      | Reached skill level 5 in Axes
  1616 | D:2      | Found a bloodstained altar of Trog.
  1978 | D:3      | Noticed a centaur
  2042 | D:3      | Killed a centaur
  2042 | D:3      | Reached skill level 6 in Axes
  2042 | D:3      | Reached XP level 5. HP: 44/46 MP: 4/4
  2046 | D:3      | Found a white marble altar of Elyvilon.
  2098 | D:3      | Reached * piety under Makhleb
  2408 | D:4      | Reached XP level 6. HP: 45/55 MP: 4/4
  2472 | D:4      | Reached skill level 7 in Axes
  2514 | D:4      | Reached XP level 7. HP: 25/62 MP: 4/4
  2945 | D:5      | Entered Level 5 of the Dungeon
  3026 | D:4      | Slain by an ice beast

Levels and vault maps discovered:
D:1:      dpeg_arrival_signposts, layout_basic
D:2:      layout_basic, gammafunk_temple_overflow_elements,
          gammafunk_temple_overflow_forgotten, minmay_misc_feat_diagonals,
          trog_hazing_becter
D:3:      layout_loops_cross, old_standard_altar
D:4:      black_bear_nest_2, layout_loops_ring, first_ration
D:5:      layout_basic, serial_shops, nicolae_shop_crystal

Skill      XL: |  1  2  3  4  5  6 |
---------------+-------------------+-----
Axes           | 3 4 6 7 |  7.6
Fighting       | 3 |  3.5
Armour         | 4 |  4.3
Shields        | 4 |  4.3

Action                   |  1- 3 |  4- 6 |  7- 9 || total
-------------------------+-------+-------+-------++-------
Melee: War axe           |   106 |   197 |    83 ||   386
 Abil: Heal Wounds       |       |     3 |     4 ||     7
  Use: Scroll            |     4 |     2 |       ||     6
  Eat: Chunk             |     1 |     5 |     1 ||     7
Armor: Scale mail        |    49 |    96 |    34 ||   179
Dodge: Dodged            |    44 |    61 |    22 ||   127
Block: Shield            |    66 |   110 |    31 ||   207
